 Dungeon Crawl Stone Soup version 0.32-a0-913-g739538afd8 (webtiles) character file.

Game seed: 10309303769484956657

4583 Doorstop00 the Basher (level 10, -3/63 HPs)
             Began as a Gargoyle Fighter on Apr 8, 2024.
             Was an Elder of Okawaru.
             Slain by an orc warrior
             ... wielding a +0 trident
              (10 damage)
             ... on level 9 of the Dungeon.
             The game lasted 00:23:50 (7409 turns).

Doorstop00 the Basher (Gargoyle Fighter)            Turns: 7409, Time: 00:23:50

Health: -3/63      AC: 26    Str: 24    XL:     10   Next: 41%
Magic:  10/10      EV:  7    Int: 11    God:    Okawaru [****..]
Gold:   424        SH:  5    Dex: 12    Spells: 9/9 levels left

rFire   . . .        J - +6 flail of Zusen {freeze, Int+2 Dex+3}
rCold   . . .        c - +0 buckler
rNeg    + . .        H - +0 plate armour
rPois   ∞            (no helmet)
rElec   +            (no cloak)
rCorr   .            e - +1 pair of gloves
SInv    .            (no boots)
Will    .....        A - amulet of regeneration Stlth
                     o - +4 ring of protection
HPRegen 1.10/turn    (no ring)
MPRegen 0.12/turn

%: no passive effects
@: no status effects
A: sickness immunity, AC +7, negative energy resistance 1, electricity
resistance, torment resistance 1, petrification resistance
a: Renounce Religion, Heroism, Finesse


You were on level 9 of the Dungeon.
You worshipped Okawaru.
Okawaru was greatly pleased with you.
You visited 1 branch of the dungeon, and saw 9 of its levels.
You also visited: Sewer.

You collected 424 gold pieces.

Inventory:

Hand Weapons
 E - a +2 war axe of electrocution
 J - the +6 flail of Zusen (weapon) {freeze, Int+2 Dex+3}
   (You found it on level 9 of the Dungeon)

   Int+2:     It affects your intelligence (+2).
   Dex+3:     It affects your dexterity (+3).
Armour
 c - a +0 buckler (worn)
 e - a +1 pair of gloves (worn)
 H - a +0 plate armour (worn)
Jewellery
 h - an amulet of faith
 o - a +4 ring of protection (left hand)
 A - an amulet of regeneration (around neck)
Wands
 C - a wand of flame (18)
 G - a wand of paralysis (14)
 I - a wand of mindburst (11)
Scrolls
 a - a scroll of revelation {unknown}
 f - a scroll of silence {unknown}
 k - 2 scrolls of fog
 p - a scroll of enchant armour
 s - a scroll of blinking {unknown}
 u - a scroll of brand weapon {unknown}
 w - a scroll of fear {unknown}
 x - 3 scrolls of poison {unknown}
 y - 4 scrolls of teleportation {unknown}
 z - a scroll of noise {unknown}
 F - 2 scrolls of enchant weapon {unknown}
Potions
 b - 2 potions of enlightenment
 d - 3 potions of might
 g - a potion of experience {unknown}
 i - 6 potions of haste
 j - 2 potions of berserk rage
 l - 2 potions of curing {unknown}
 m - 4 potions of heal wounds
 n - a potion of degeneration {unknown}
 q - 2 potions of ambrosia {unknown}
 r - a potion of magic {unknown}
 t - 2 potions of brilliance
 v - 2 potions of invisibility
 D - a potion of attraction {unknown}


   Skills:
 * Level 7.1 Fighting
 + Level 3.6(6.4) Axes
 * Level 9.1(9.5) Maces & Flails
 * Level 7.0 Armour
 * Level 4.0 Dodging
 * Level 6.6 Shields
 * Level 2.2 Evocations


You had 9 spell levels left.
You didn't know any spells.
Your spell library contained the following spells:

 Spells                   Type           Power      Damage    Failure   Level
 Sigil of Binding         Hex            0%         N/A       100%        3
 Ignite Poison            Fire/Alch      0%         N/A       100%        4
 Sticky Flame             Fire/Alch      0%         2d4       100%        4
 Ignition                 Fire           0%         3d3       100%        8
 Death Channel            Necr           Unusable   N/A       N/A         6
 Sculpt Simulacrum        Ice/Alch       Unusable   N/A       N/A         6

Dungeon Overview and Level Annotations

Branches:
Dungeon (9/15)             Temple (0/1) D:4            Lair (0/5) D:8
  Sewer (visited)
    Orc: D:9-12

Altars:
Fedhas
Hepliaklqana
Kikubaaqudgha
Okawaru
Qazlal
Trog

Shops:
D:5 (

Annotations:
D:2 1 runed translucent door, Crazy Yiuf


Innate Abilities, Weirdness & Mutations

You are immune to sickness and miasma.
Your stone body is resilient. (AC +7)
You are immune to poison.
You resist negative energy. (rN+)
You are resistant to electric shocks. (rElec)
You are resistant to unholy torment.
You are immune to petrification.


Message History

a +0 dagger; an orc corpse You barely miss the orc warrior.
The orc warrior is lightly wounded.
The orc priest hits you with a +0 whip.
* * * LOW HITPOINT WARNING * * *
The orc warrior hits you but does no damage.
Unknown command.
You sock the orc priest! You freeze the orc priest.
You kill the orc priest!
Okawaru accepts your kill. The orc warrior barely misses you.
The orc warrior hits you but does no damage.
The orc hits you but does no damage.
The orc warrior hits you but does no damage.
The orc warrior attacks as it pursues you!
The orc warrior hits you but does no damage.
Things that are here:
a +0 whip; an orc corpse You sock the orc warrior!
You freeze the orc warrior.
The orc warrior is heavily wounded.
The orc hits you but does no damage. The orc warrior barely misses you.
The orc warrior hits you with a +2 hand axe of flaming!
* * * LOW HITPOINT WARNING * * *
The orc warrior burns you.
* * * LOW HITPOINT WARNING * * *
You hit the orc warrior. You freeze the orc warrior.
The orc warrior is severely wounded.
The orc hits you but does no damage.
The orc warrior hits you but does no damage. x2
You hit the orc warrior. You freeze the orc warrior.
The orc warrior is almost dead.
The orc closely misses you.
The orc warrior hits you with a +0 trident.
* * * LOW HITPOINT WARNING * * *
The orc warrior closely misses you.
You hit the orc warrior but do no damage.
The orc warrior is almost dead.
The orc hits you but does no damage.
The orc warrior hits you with a +0 trident!
You die...

#....# #.#### #.# #
#)# #. ##)#######
####.#### #.........
#.......# #.........
#.....o.####.........
......o@o).#.........
#.?.....##.'.......<.
####.#######.........
# ######+###


You could see 2 orc warriors and an orc.

Vanquished Creatures
  Pikel (D:6)
  A troll (D:9)
  6 yaks (D:8)
  3 steam dragons
  2 water moccasins
  A sky beast (D:8)
  2 black bears
  A centaur (D:8)
  4 lemures (D:6)
  A phantom (D:6)
  2 brain worms (Sewer)
  A bullfrog (D:8)
  A scorpion (D:5)
  7 wights
  10 killer bees
  A howler monkey (D:4)
  2 bombardier beetles
  4 orc priests
  2 jellies
  4 hounds
  2 gnoll boudas
  An iguana (D:3)
  6 orc wizards
  15 gnolls
  A river rat (Sewer)
  10 adders
  A white imp (D:5)
  A dart slug (D:4)
  4 ribbon worms
  24 orcs
  3 bats
  8 endoplasms
  A giant cockroach (D:1)
  5 goblins
  7 hobgoblins
  4 jackals (D:1)
  7 quokkas
  8 ball pythons
  3 frilled lizards (Sewer)
  9 kobolds
  18 rats
194 creatures vanquished.

Notes
Turn   | Place    | Note
-------+----------+-------------------------------------------
     0 | D:1      | Doorstop00 the Gargoyle Fighter began the quest for the
                  | Orb.
     0 | D:1      | Reached XP level 1. HP: 14/14 MP: 1/1
   230 | D:1      | Reached XP level 2. HP: 19/19 MP: 2/2
   479 | D:1      | Reached XP level 3. HP: 20/23 MP: 3/3
   805 | D:2      | Found a runed translucent door.
   806 | D:2      | Noticed Crazy Yiuf
  1449 | D:3      | Found a faded altar of an unknown god.
  1478 | D:3      | Reached skill level 3 in Maces & Flails
  1478 | D:3      | Reached XP level 4. HP: 21/29 MP: 4/4
  1721 | D:3      | Reached XP level 5. HP: 20/33 MP: 5/5
  1948 | D:3      | Found a faded altar of an unknown god.
  1948 | D:3      | Found a hazy altar of Hepliaklqana.
  1950 | D:3      | Found a faded altar of an unknown god.
  2225 | D:3      | Found an iron altar of Okawaru.
  2233 | D:3      | Became a worshipper of Warmaster Okawaru
  2861 | D:4      | Reached skill level 4 in Maces & Flails
  2869 | D:4      | Reached skill level 1 in Dodging
  2869 | D:4      | Reached XP level 6. HP: 9/38 MP: 6/6
  3009 | D:4      | Found a staircase to the Ecumenical Temple.
  3199 | D:5      | Entered Level 5 of the Dungeon
  3199 | D:5      | Found Fuystrikha's Antique Weapon Emporium.
  3365 | D:5      | Reached * piety under Okawaru
  3366 | D:5      | Reached skill level 5 in Maces & Flails
  3366 | D:5      | Reached XP level 7. HP: 44/44 MP: 7/7
  3571 | D:5      | Found a glowing drain.
  3628 | Sewer    | Entered a sewer
  4072 | Sewer    | Reached skill level 5 in Armour
  4154 | D:5      | Reached skill level 6 in Maces & Flails
  4222 | D:5      | Reached XP level 8. HP: 38/48 MP: 8/8
  4953 | D:6      | Reached skill level 5 in Fighting
  4953 | D:6      | Reached skill level 5 in Shields
  5111 | D:6      | Noticed Pikel
  5161 | D:6      | Killed Pikel
  5161 | D:6      | Reached ** piety under Okawaru
  5162 | D:6      | Reached skill level 7 in Maces & Flails
  5263 | D:6      | Reached skill level 8 in Maces & Flails
  5263 | D:6      | Reached XP level 9. HP: 26/55 MP: 9/9
  5364 | D:6      | Found an ancient bone altar of Kikubaaqudgha.
  5569 | D:7      | Reached *** piety under Okawaru
  6000 | D:7      | Found a blossoming altar of Fedhas.
  6037 | D:7      | Found a bloodstained altar of Trog.
  6470 | D:8      | Reached skill level 1 in Axes
  6525 | D:8      | Reached skill level 1 in Evocations
  6528 | D:8      | Reached **** piety under Okawaru
  6576 | D:8      | Found a stormy altar of Qazlal.
  6619 | D:8      | Found a staircase to the Lair.
  6894 | D:8      | Reached XP level 10. HP: 41/61 MP: 10/10
  6902 | D:8      | Reached skill level 9 in Maces & Flails
  7269 | D:9      | Identified the +6 flail of Zusen {freeze, Int+2 Dex+3}
  7409 | D:9      | Slain by an orc warrior

Illustrated notes

Levels and vault maps discovered:
D:1:      dpeg_arrival_prison, layout_rooms
D:2:      minmay_spotlight, layout_loops_ring, uniq_crazy_yiuf_cottage
D:3:      layout_basic, okawaru_altar_gauntlet_db,
          nicolae_hepliaklqana_ecumenical_no_more, nicolae_ecumenical_pavilion,
          hangedman_abyss_or_decor_stabs, moated_statue, minmay_misc_feat_tiny
D:4:      layout_cave_pools, minmay_temple_entry_mini_moons,
          chequers_serial_rivers_large_b
D:5:      layout_basic, serial_shops, shop, cheibrodos_sewer_entry_drain
D:6:      layout_loops_corners, kiku_gazebo_garden_becter, uniq_pikel
D:7:      black_bear_nest_1, layout_basic, mainiacjoe_overflow_catwalk_spiral
D:8:      layout_cave_pods, nicolae_qazlal_beasts_of_the_sky, lair_entry_dummy
D:9:      layout_roguey, serial_rivers, chequers_serial_rivers_room_b,
          chequers_serial_rivers_micro_d, chequers_serial_rivers_small_b,
          chequers_serial_rivers_room_b, chequers_serial_rivers_micro_c,
          chequers_serial_rivers_small_3

Skill      XL: |  1  2  3  4  5  6  7  8  9 10 |
---------------+-------------------------------+-----
Maces & Flails | 3 4 5 6 8 9 |  9.1
Armour         | 4 5 6 7 |  7.0
Shields        | 4 5 6 |  6.6
Fighting       | 4 5 6 7 |  7.1
Dodging        | 1 2 3 4 |  4.0
Axes           | 2 3 |  3.6
Evocations     | 1 2 |  2.2

Action                     |  1- 3 |  4- 6 |  7- 9 | 10-12 || total
---------------------------+-------+-------+-------+-------++-------
  Melee: Flail             |   156 |   178 |   301 |    31 ||   666
         Whip              |       |       |    95 |       ||    95
         War axe           |       |       |   120 |    25 ||   145
    Use: Scroll            |     2 |     1 |     5 |       ||     8
 Armour: Scale mail        |    25 |       |       |       ||    25
         Chain mail        |   103 |   149 |   436 |       ||   688
         Plate armour      |       |       |   200 |    59 ||   259
  Dodge: Dodged            |    60 |    53 |   270 |    23 ||   406
  Block: Buckler           |    27 |    38 |   152 |     6 ||   223

Table legend: (Time is in decaauts)
 A = Elapsed time spent in this place.
 B = Non-inter-level travel time spent in this place.
 C = Inter-level travel time spent in this place.
 D = Time resting spent in this place.
 E = Time spent auto-exploring this place.
 F = Levels seen in this place.
 G = Mean time per level.
                   A        B        C        D        E       F      G
               +--------+--------+--------+--------+--------+-----+--------+
         Total |   7620 |   7527 |     93 |    455 |   4889 |  10 |  762.0 |
       Dungeon |   7103 |   7010 |     93 |    397 |   4673 |   9 |  789.2 |
         Sewer |    516 |    516 |      0 |     58 |    216 |   1 |  516.0 |
               +--------+--------+--------+--------+--------+-----+--------+

Top non-repeatable levels by time:
     D:3: 1045 daAuts
     D:5: 992 daAuts
     D:8: 982 daAuts
     D:6: 928 daAuts
     D:2: 848 daAuts
     D:4: 768 daAuts
     D:7: 747 daAuts
     D:1: 649 daAuts
   Sewer: 516 daAuts
     D:9: 141 daAuts
